 Dungeon Crawl Stone Soup version 0.29.1-12-g30fa7ad0bf (webtiles) character file.

Game seed: 1004227977382213794

4629 fantasyman the Cleaver (level 10, -4/79 HPs)
             Began as a Formicid Fighter on Dec 28, 2022.
             Was a Priest of Okawaru.
             Slain by a wyvern (10 damage)
             ... on level 8 of the Dungeon.
             The game lasted 00:13:05 (11150 turns).

fantasyman the Cleaver (Formicid Fighter)          Turns: 11150, Time: 00:13:06

Health: -4/79      AC: 16    Str: 24    XL:     10   Next: 70%
Magic:  10/10      EV:  7    Int:  9    God:    Okawaru [***...]
Gold:   319        SH:  7    Dex: 13    Spells: 9/9 levels left

rFire   . . .      SeeInvis +   v - +0 battleaxe
rCold   . . .      Faith    .   c - +1 buckler
rNeg    + . .      Spirit   .   z - +0 plate armour
rPois   +          Reflect  .   (helmet unavailable)
rElec   .          Harm     .   (no cloak)
rCorr   .          Rampage  .   l - +2 pair of gloves
Will    +....                   (no boots)
Stlth   ..........              f - amulet of the acrobat
HPRegen 0.23/turn               m - ring of positive energy
MPRegen 0.12/turn               d - ring of poison resistance

@: no status effects
A: permanent stasis, dig shafts and tunnels, antennae 3, four strong arms
a: Dig, Shaft Self, Renounce Religion, Heroism


You were on level 8 of the Dungeon.
You worshipped Okawaru.
Okawaru was most pleased with you.
You visited 2 branches of the dungeon, and saw 10 of its levels.

You collected 501 gold pieces.
You spent 182 gold pieces at shops.

Inventory:

Hand Weapons
 v - a +0 battleaxe (weapon)
Missiles
 n - 2 throwing nets
Armour
 c - a +1 buckler (worn)
 l - a +2 pair of gloves (worn)
 z - a +0 plate armour (worn)
Jewellery
 d - a ring of poison resistance (right hand)
 f - an amulet of the acrobat (around neck)
 m - a ring of positive energy (left hand)
Wands
 o - a wand of flame (21)
Scrolls
 g - 4 scrolls of amnesia
 i - a scroll of enchant weapon
 p - 4 scrolls of magic mapping
 q - a scroll of butterflies
 s - 2 scrolls of enchant armour
 y - 4 scrolls of identify
Potions
 e - 3 potions of curing
 h - 2 potions of flight
 j - a potion of resistance
 k - 2 potions of magic
 r - 3 potions of attraction
 t - 2 potions of cancellation
 u - a potion of invisibility
 w - a potion of degeneration


   Skills:
 * Level 7.0 Fighting
 * Level 10.2 Axes
 * Level 7.8 Armour
 * Level 6.3 Stealth
 * Level 7.8 Shields


You had 9 spell levels left.
You didn't know any spells.
Your spell library contained the following spells:

 Spells                   Type           Power      Damage    Failure   Level
 Shock                    Conj/Air       0%         1d3       99%         1
 Gell's Gravitas          Tloc           0%         N/A       100%        3
 Inner Flame              Hex/Fire       0%         N/A       100%        3
 Teleport Other           Tloc           0%         N/A       100%        3
 Airstrike                Air            0%         2d(0-16)  100%        4
 Borgnjor's Vile Clutch   Necr/Erth      0%         N/A       100%        5
 Dispersal                Tloc           0%         N/A       100%        6
 Eringya's Noxious Bog    Tmut/Pois      0%         N/A       100%        6
 Swiftness                Air            Unusable   N/A       N/A         3
 Summon Forest            Summ/Tloc      Unusable   N/A       N/A         5
 Summon Hydra             Summ           Unusable   N/A       N/A         7

Dungeon Overview and Level Annotations

Branches:
Dungeon (9/15)             Temple (1/1) D:5
   Lair: D:8-11         Orc: D:9-12

Altars:
Cheibriados
Dithmenos
Elyvilon
Hepliaklqana
Kikubaaqudgha
Nemelex Xobeh
Okawaru
Qazlal
Ru
Trog
Vehumet
Wu Jian
Xom
Yredelemnul
Zin

Shops:
D:5 **   D:6 (

Annotations:
D:9 Psyche
Temple 2 transporters


Innate Abilities, Weirdness & Mutations

You cannot be hasted, slowed, berserked, paralysed or teleported.
You can dig through walls and to a lower floor.
You have a pair of large antennae on your head. (SInv)
Your four strong arms can wield two-handed weapons with a shield.


Message History

You closely miss the wyvern. You block the wyvern's attack.
The wyvern bites you!
You hit the wyvern but do no damage. You block the wyvern's attack.
The wyvern bites you but does no damage.
You hit the wyvern but do no damage. The wyvern bites you!
You closely miss the wyvern.
The wyvern bites you but does no damage.
The wyvern bites you.
You closely miss the wyvern.
The wyvern hisses menacingly.
You block the wyvern's attack. The wyvern bites you!
You closely miss the wyvern. The wyvern bites you.
The wyvern bites you but does no damage.
You slice the wyvern!!
The wyvern is severely wounded.
The wyvern bites you!
* * * LOW HITPOINT WARNING * * *
The wyvern bites you.
* * * LOW HITPOINT WARNING * * *
You closely miss the wyvern.
The wyvern is severely wounded.
The wyvern barely misses you.
You barely miss the wyvern.
The wyvern is severely wounded.
The wyvern closely misses you. The wyvern bites you!
* * * LOW HITPOINT WARNING * * *
You barely miss the wyvern.
The wyvern is severely wounded.
The wyvern bites you but does no damage.
The wyvern bites you.
* * * LOW HITPOINT WARNING * * *
You barely miss the wyvern.
The wyvern is severely wounded.
The wyvern bites you.
* * * LOW HITPOINT WARNING * * *
You block the wyvern's attack.
You barely miss the wyvern.
The wyvern is severely wounded.
The wyvern bites you!
You die...

#.....####.###...#
#.............#..#
##########.#.##..#
#### #..#.##..#
...# ##.##.##..#
...# ##..##.....#
...####..#######T#
...##...## #l#
...#(.### #@#
...#.## #.# .....#
#.# ..#### ####.#
.## #....# ##
#.#### ########
#.### .......#
#...# †......#
###.#


You could see a troll and a wyvern.

Vanquished Creatures
  Pikel (D:8)
  A troll (D:9)
  Grinder (D:4)
  Sigmund (D:4)
  A steam dragon (D:8)
  A water moccasin (D:5)
  Duvessa (D:4)
  An orc warrior (D:8)
  3 black bears
  An ice beast (D:6)
  3 sky beasts (D:7)
  2 centaurs
  An ogre (D:6)
  2 lemures (D:8)
  A kobold brigand (D:8)
  2 phantoms
  4 bullfrogs
  Blork the orc (D:6)
  7 scorpions
  A necrophage (D:4)
  Dowan (D:4)
  10 killer bees
  4 hounds
  3 jellies
  4 orc priests
  2 iguanas (D:6)
  Natasha (thrice) (D:2)
  3 orc wizards
  A mummy (D:3)
  7 adders
  3 gnolls (D:4)
  2 shadow imps
  2 white imps
  2 ufetubi (D:5)
  18 orcs
  10 ball pythons
  6 bats
  8 endoplasms
  6 giant cockroaches
  7 goblins
  4 hobgoblins
  4 jackals (D:3)
  14 kobolds
  5 quokkas
  5 frilled lizards
  6 rats
176 creatures vanquished.

Vanquished Creatures (others)
  An orc wizard (D:8)
1 creature vanquished.

Grand Total: 177 creatures vanquished

Notes
Turn   | Place    | Note
-------+----------+-------------------------------------------
     0 | D:1      | fantasyman the Formicid Fighter began the quest for the
                  | Orb.
     0 | D:1      | Reached XP level 1. HP: 18/18 MP: 1/1
   209 | D:1      | Reached XP level 2. HP: 24/24 MP: 2/2
   325 | D:1      | Reached XP level 3. HP: 28/29 MP: 3/3
   839 | D:2      | Noticed a black bear
   851 | D:2      | Killed a black bear
   852 | D:2      | Reached skill level 3 in Axes
   852 | D:2      | Reached skill level 1 in Stealth
   852 | D:2      | Reached XP level 4. HP: 9/37 MP: 4/4
   852 | D:2      | Reached XP level 5. HP: 10/42 MP: 5/5
  1300 | D:2      | Found a faded altar of an unknown god.
  1306 | D:2      | Noticed Natasha
  1322 | D:2      | Killed Natasha
  1347 | D:2      | Noticed Natasha
  1665 | D:3      | Found a bloodstained altar of Trog.
  1836 | D:3      | Reached XP level 6. HP: 48/48 MP: 6/6
  2068 | D:3      | Found a snail-covered altar of Cheibriados.
  2076 | D:3      | Reached skill level 4 in Axes
  2242 | D:2      | Killed Natasha
  2395 | D:2      | Noticed Natasha
  2406 | D:2      | Killed Natasha
  2407 | D:2      | Reached skill level 5 in Shields
  2729 | D:4      | Identified the +1 robe of Loilole {rC+ Dex+4}
  2729 | D:4      | Noticed Duvessa
  2730 | D:4      | Noticed Dowan
  3193 | D:4      | Killed Duvessa
  3194 | D:4      | Reached XP level 7. HP: 39/55 MP: 7/7
  3205 | D:4      | Killed Dowan
  3206 | D:4      | Reached skill level 5 in Axes
  3692 | D:4      | Noticed Grinder
  3711 | D:4      | Killed Grinder
  3712 | D:4      | Reached skill level 5 in Fighting
  3712 | D:4      | Reached skill level 6 in Axes
  3712 | D:4      | Reached skill level 5 in Armour
  3712 | D:4      | Reached XP level 8. HP: 28/62 MP: 8/8
  3925 | D:4      | Noticed Sigmund
  3938 | D:4      | Killed Sigmund
  4200 | D:5      | Entered Level 5 of the Dungeon
  4586 | D:5      | Reached skill level 7 in Axes
  4801 | D:5      | Reached XP level 9. HP: 64/68 MP: 9/9
  4828 | D:5      | Found a shadowy altar of Dithmenos.
  5103 | D:5      | Found a staircase to the Ecumenical Temple.
  5206 | Temple   | Entered the Ecumenical Temple
  5206 | Temple   | Found a transporter.
  5206 | Temple   | Found a transporter.
  5208 | Temple   | Found a transporter.
  5208 | Temple   | Found a transporter.
  5238 | Temple   | Became a worshipper of Warmaster Okawaru
  5334 | D:5      | Found Inoergh's General Store.
  5335 | D:5      | Found Ixzeup's Specific Store.
  5899 | D:6      | Found a sacrificial altar of Ru.
  5911 | D:6      | Reached skill level 8 in Axes
  5936 | D:6      | Noticed Blork the orc
  5948 | D:6      | Killed Blork the orc
  6074 | D:6      | Found Ommes's Antique Weapon Emporium.
  6088 | D:6      | Bought a battleaxe for 182 gold pieces
  6100 | D:6      | Reached * piety under Okawaru
  6385 | D:6      | Reached skill level 5 in Stealth
  6992 | D:6      | Found a white marble altar of Elyvilon.
  7103 | D:6      | Found a basalt altar of Yredelemnul.
  7461 | D:7      | Got the Commentary on Unholy Embers
  7485 | D:7      | Reached skill level 9 in Axes
  7485 | D:7      | Reached XP level 10. HP: 54/76 MP: 10/10
  7672 | D:7      | Found a shimmering altar of Xom.
  7791 | D:7      | Found an ancient bone altar of Kikubaaqudgha.
  7854 | D:7      | Identified the +8 chain mail of Ahuameh {rPois Str-2 Dex+3}
  7941 | D:7      | Reached ** piety under Okawaru
  8356 | D:7      | Noticed a two-headed ogre
  9601 | D:8      | Found the +4 robe of Folly {Brilliance Will-∞ Int+8}
 10068 | D:8      | Noticed Pikel
 10081 | D:8      | Killed Pikel
 10081 | D:8      | Reached *** piety under Okawaru
 10082 | D:8      | Reached skill level 10 in Axes
 10498 | D:9      | Identified the +1 ring mail of the Rose {rElec Slay+2}
 10547 | D:9      | Noticed Psyche
 11150 | D:8      | Slain by a wyvern

Illustrated notes

Levels and vault maps discovered:
D:1:      dpeg_arrival_houses_and_road, layout_basic
D:2:      layout_rooms, dreamdust_ecumenical_altar_statues, uniq_natasha
D:3:      layout_loops_ring, slow_altar_2, nicolae_overflow_hidden_temple,
          mainiacjoe_overflow_brackets, minmay_distorted
D:4:      layout_basic, uniq_grinder, uniq_sigmund, uniq_duvessa
D:5:      layout_loops_cross, nicolae_dithmenos_the_darkroom,
          minmay_temple_entry_poolview, gup_sewer_entry_bubbles,
          nicolae_specific_store
D:6:      layout_gridville, kennysheep_ying_yang, mainiacjoe_overflow_chevrons,
          serial_shops, shop_fountains, uniq_blork_the_orc
D:7:      minmay_the_grid_plus_closed [minmay_the_grid_box_x,
          minmay_the_grid_large_cup, minmay_the_grid_paths,
          minmay_the_grid_embedded, minmay_the_grid_prize_big_room],
          layout_basic, mainiacjoe_overflow_surrounded_room,
          mainiacjoe_overflow_six_doors_small, overflow_temple_1_default,
          fedhas_altar_4, interstate_on_off
D:8:      layout_basic, dreamdust_deal_with_the_devil, uniq_pikel
D:9:      layout_rooms, tso_metal_star,
          nicolae_uskayaw_murder_on_the_dancefloor, david_lair_generic,
          david_orc_5, kennysheep_generic_room_6, uniq_psyche
Temple:   hellmonk_temple_divided_pantheon

Skill      XL: |  1  2  3  4  5  6  7  8  9 10 |
---------------+-------------------------------+-----
Fighting       | 4 5 6 7 |  7.0
Axes           | 3 4 6 7 9 10 | 10.2
Stealth        | 1 2 3 4 5 6 |  6.3
Armour         | 4 5 6 7 |  7.8
Shields        | 5 6 7 |  7.8

Action                   |  1- 3 |  4- 6 |  7- 9 | 10-12 || total
-------------------------+-------+-------+-------+-------++-------
Melee: War axe           |    97 |   114 |   204 |       ||   415
       Battleaxe         |       |       |    93 |   188 ||   281
 Abil: Dig               |       |     1 |       |       ||     1
  Use: Scroll            |       |     8 |     6 |     2 ||    16
       Potion            |       |     3 |       |     1 ||     4
 Stab: Sleeping          |       |       |     1 |       ||     1
Armor: Scale mail        |    70 |    50 |   148 |       ||   268
       Plate armour      |       |       |       |   153 ||   153
Dodge: Dodged            |    67 |    57 |   107 |   111 ||   342
Block: Buckler           |    32 |    33 |    85 |   104 ||   254
